[ AOE2 MATCH · #506787462 ]
UnrankedShu vs Georgians
[ REPLAY ANALYSIS · EXTRACTED FROM THE RECORDED GAME ]
Feudal
9:08
Castle
20:48
Imperial
—
| APM avg | 48.7 |
| APM peak | 94 |
| eAPM avg | 19.0 |
| Villagers / military | 79 / 37 |
Focus
⚔️ 34.9% · 🌾 65.1%
Archer ×26 · Mangonel ×9 · Battering Ram ×2
Feudal
8:36
Castle
23:31
Imperial
—
| APM avg | 61.2 |
| APM peak | 109 |
| eAPM avg | 26.1 |
| Villagers / military | 73 / 13 |
Focus
⚔️ 30.3% · 🌾 69.7%
Monaspa ×13
Match map
Initial resources + every placement click. Lines = walls · curves = elevation contours. ◆ gold · ⬟ stone · ● berries · ✦ relic · ◌ wall gap
Your base· Open — unwalled flank
Naughty Possum's base· Open — 5t gap
Smoothed initial terrain · ◌ = detected wall gap · hover for details
Inputs per minute
— 刻骨銘心 - - Naughty Possum
Build order — 刻骨銘心
First 150 of 199 actions detected
| 0:00 | Queue | Villager (Male) |
| 0:01 | Queue | Villager (Male) |
| 0:02 | Build | House |
| 0:02 | Build | House |
| 0:13 | Queue | Villager (Male) |
| 0:18 | Queue | Villager (Male) |
| 1:28 | Queue | Villager (Male) |
| 1:28 | Queue | Villager (Male) |
| 1:53 | Build | Lumber Camp |
| 2:08 | Queue | Villager (Male) |
| 2:08 | Queue | Villager (Male) |
| 2:34 | Queue | Villager (Male) |
| 2:34 | Queue | Villager (Male) |
| 2:53 | Queue | Villager (Male) |
| 3:22 | Queue | Villager (Male) |
| 3:50 | Queue | Villager (Male) |
| 3:57 | Build | House |
| 3:58 | Build | Palisade Wall |
| 4:13 | Queue | Villager (Male) |
| 4:13 | Queue | Villager (Male) |
| 4:45 | Queue | Villager (Male) |
| 4:54 | Queue | Villager (Male) |
| 5:47 | Queue | Villager (Male) |
| 6:12 | Research | Loom |
| 6:20 | Build | Mining Camp |
| 6:58 | Research | Feudal Age |
| 7:48 | Build | House |
| 7:54 | Build | Barracks |
| 8:36 | Queue | Villager (Male) |
| 9:08 | Age | Feudal Age |
| 9:09 | Build | Archery Range |
| 9:11 | Research | Double-Bit Axe |
| 9:23 | Build | Mill |
| 9:34 | Queue | Villager (Male) |
| 9:52 | Build | Watch Tower |
| 9:55 | Queue | Archer |
| 10:03 | Queue | Villager (Male) |
| 10:08 | Queue | Archer |
| 10:17 | Build | House |
| 10:24 | Queue | Villager (Male) |
| 10:36 | Queue | Villager (Male) |
| 10:49 | Queue | Archer |
| 10:51 | Queue | Villager (Male) |
| 10:58 | Queue | Archer |
| 11:20 | Queue | Villager (Male) |
| 11:23 | Build | Blacksmith |
| 11:31 | Build | Farm |
| 11:32 | Build | Farm |
| 11:44 | Queue | Villager (Male) |
| 11:49 | Queue | Archer |
| 11:52 | Build | Farm |
| 11:53 | Queue | Villager (Male) |
| 11:55 | Build | House |
| 12:17 | Queue | Villager (Male) |
| 12:19 | Build | House |
| 12:23 | Build | Farm |
| 12:24 | Build | Farm |
| 12:24 | Queue | Villager (Male) |
| 12:45 | Queue | Archer |
| 13:01 | Research | Fletching |
| 13:06 | Build | House |
| 13:06 | Build | House |
| 13:18 | Queue | Archer |
| 13:40 | Queue | Villager (Male) |
| 13:44 | Build | House |
| 13:48 | Build | Farm |
| 13:48 | Build | Farm |
| 13:58 | Queue | Archer |
| 13:58 | Queue | Archer |
| 14:26 | Build | Farm |
| 14:28 | Build | Farm |
| 14:32 | Queue | Archer |
| 14:38 | Build | House |
| 14:39 | Build | House |
| 14:46 | Build | Farm |
| 14:46 | Build | Farm |
| 14:49 | Queue | Villager (Male) |
| 15:11 | Queue | Archer |
| 15:15 | Queue | Villager (Male) |
| 15:33 | Queue | Villager (Male) |
| 16:18 | Queue | Villager (Male) |
| 16:26 | Build | House |
| 16:33 | Build | Mining Camp |
| 16:34 | Queue | Villager (Male) |
| 16:36 | Build | Farm |
| 16:51 | Build | House |
| 17:05 | Build | Lumber Camp |
| 17:13 | Queue | Villager (Male) |
| 17:27 | Build | Archery Range |
| 17:43 | Queue | Villager (Male) |
| 18:05 | Queue | Villager (Male) |
| 18:08 | Research | Castle Age |
| 18:08 | Research | Castle Age |
| 18:20 | Build | Archery Range |
| 18:25 | Build | House |
| 18:26 | Build | House |
| 18:37 | Queue | Archer |
| 18:37 | Queue | Archer |
| 19:05 | Build | Outpost |
| 19:10 | Research | Gold Mining |
| 19:12 | Research | Horse Collar |
| 19:20 | Build | Barracks |
| 19:26 | Queue | Archer |
| 19:34 | Queue | Villager (Male) |
| 20:44 | Queue | Archer |
| 20:48 | Age | Castle Age |
| 20:50 | Build | Siege Workshop |
| 21:16 | Queue | Mangonel |
| 21:18 | Build | Farm |
| 21:20 | Research | Bow Saw |
| 21:23 | Research | Heavy Plow |
| 21:24 | Queue | Villager (Male) |
| 21:43 | Research | Bodkin Arrow |
| 22:05 | Queue | Villager (Male) |
| 22:25 | Queue | Archer |
| 22:25 | Queue | Archer |
| 22:32 | Queue | Mangonel |
| 22:46 | Queue | Villager (Male) |
| 22:47 | Queue | Villager (Male) |
| 23:10 | Queue | Villager (Male) |
| 23:27 | Queue | Villager (Male) |
| 23:33 | Queue | Archer |
| 23:34 | Queue | Archer |
| 23:43 | Research | Crossbowman (upgrade) |
| 23:53 | Build | Farm |
| 24:00 | Build | Market |
| 24:05 | Queue | Villager (Male) |
| 24:10 | Queue | Archer |
| 24:41 | Queue | Archer |
| 24:47 | Queue | Archer |
| 24:56 | Build | Farm |
| 24:58 | Queue | Villager (Male) |
| 24:58 | Queue | Villager (Male) |
| 25:11 | Queue | Battering Ram |
| 25:14 | Queue | Mangonel |
| 25:14 | Queue | Mangonel |
| 25:31 | Queue | Villager (Male) |
| 25:31 | Queue | Villager (Male) |
| 25:37 | Queue | Villager (Male) |
| 25:47 | Queue | Archer |
| 26:01 | Queue | Mangonel |
| 26:29 | Queue | Archer |
| 26:31 | Build | Farm |
| 26:39 | Queue | Villager (Male) |
| 26:48 | Queue | Mangonel |
| 27:12 | Queue | Villager (Male) |
| 27:14 | Build | Farm |
| 27:15 | Queue | Archer |
| 27:15 | Queue | Archer |
| 27:23 | Queue | Villager (Male) |
Build order — Naughty Possum
First 150 of 201 actions detected
| 0:01 | Queue | Villager (Male) |
| 0:02 | Queue | Villager (Male) |
| 0:04 | Build | House |
| 0:05 | Build | House |
| 0:18 | Queue | Villager (Male) |
| 0:18 | Queue | Villager (Male) |
| 1:38 | Queue | Villager (Male) |
| 2:09 | Queue | Villager (Male) |
| 2:09 | Queue | Villager (Male) |
| 2:39 | Queue | Villager (Male) |
| 3:03 | Queue | Villager (Male) |
| 3:18 | Queue | Villager (Male) |
| 3:33 | Build | Mill |
| 3:37 | Build | House |
| 3:54 | Queue | Villager (Male) |
| 4:05 | Queue | Villager (Male) |
| 4:42 | Queue | Villager (Male) |
| 5:02 | Queue | Villager (Male) |
| 5:15 | Queue | Villager (Male) |
| 5:16 | Research | Loom |
| 6:26 | Research | Feudal Age |
| 6:45 | Build | Mule Cart |
| 8:21 | Build | House |
| 8:34 | Build | House |
| 8:36 | Age | Feudal Age |
| 8:43 | Queue | Villager (Male) |
| 8:43 | Queue | Villager (Male) |
| 8:44 | Research | Double-Bit Axe |
| 8:59 | Build | Watch Tower |
| 9:01 | Build | Watch Tower |
| 9:06 | Queue | Villager (Male) |
| 9:27 | Queue | Villager (Male) |
| 10:00 | Queue | Villager (Male) |
| 10:07 | Queue | Villager (Male) |
| 10:07 | Queue | Villager (Male) |
| 10:15 | Build | Blacksmith |
| 10:37 | Build | Watch Tower |
| 10:49 | Build | Palisade Wall |
| 10:53 | Build | Palisade Wall |
| 10:59 | Queue | Villager (Male) |
| 11:29 | Queue | Villager (Male) |
| 11:38 | Research | Fletching |
| 11:43 | Build | Watch Tower |
| 11:51 | Build | Palisade Wall |
| 11:54 | Queue | Villager (Male) |
| 12:01 | Build | House |
| 12:03 | Build | Palisade Wall |
| 12:44 | Build | Farm |
| 12:51 | Build | Palisade Wall |
| 13:08 | Build | Watch Tower |
| 13:12 | Queue | Villager (Male) |
| 13:12 | Queue | Villager (Male) |
| 13:14 | Build | Farm |
| 13:19 | Build | Palisade Wall |
| 13:20 | Build | Palisade Wall |
| 13:26 | Build | Farm |
| 13:32 | Build | House |
| 13:59 | Queue | Villager (Male) |
| 14:07 | Queue | Villager (Male) |
| 14:46 | Build | Farm |
| 14:47 | Build | Farm |
| 14:48 | Build | Farm |
| 14:50 | Queue | Villager (Male) |
| 15:03 | Queue | Villager (Male) |
| 15:06 | Build | Farm |
| 15:11 | Build | House |
| 15:12 | Build | House |
| 15:15 | Build | Palisade Wall |
| 15:16 | Build | Palisade Wall |
| 15:34 | Build | Watch Tower |
| 15:49 | Queue | Villager (Male) |
| 16:26 | Queue | Villager (Male) |
| 16:36 | Queue | Villager (Male) |
| 16:47 | Build | Palisade Wall |
| 16:55 | Build | Mule Cart |
| 16:55 | Queue | Villager (Male) |
| 16:58 | Build | Palisade Wall |
| 17:09 | Queue | Villager (Male) |
| 17:18 | Build | Farm |
| 17:25 | Build | Market |
| 17:31 | Build | House |
| 17:32 | Queue | Villager (Male) |
| 17:48 | Build | Farm |
| 17:53 | Build | Farm |
| 17:58 | Queue | Villager (Male) |
| 18:16 | Build | Watch Tower |
| 18:28 | Build | Farm |
| 18:28 | Queue | Villager (Male) |
| 18:37 | Build | Farm |
| 18:40 | Build | Farm |
| 18:41 | Queue | Villager (Male) |
| 18:48 | Research | Wheelbarrow |
| 19:00 | Build | Farm |
| 19:02 | Build | Farm |
| 19:24 | Build | Outpost |
| 19:28 | Build | Farm |
| 19:40 | Build | Outpost |
| 19:55 | Build | Outpost |
| 20:51 | Research | Castle Age |
| 20:59 | Build | Watch Tower |
| 21:14 | Build | Watch Tower |
| 21:21 | Queue | Villager (Male) |
| 21:40 | Research | Gold Mining |
| 21:42 | Research | Town Watch |
| 21:55 | Build | Palisade Wall |
| 23:31 | Age | Castle Age |
| 23:35 | Build | University |
| 23:39 | Research | Bodkin Arrow |
| 24:04 | Queue | Villager (Male) |
| 24:18 | Research | Guard Tower (upgrade) |
| 24:27 | Queue | Villager (Male) |
| 24:41 | Queue | Villager (Male) |
| 24:53 | Queue | Villager (Male) |
| 24:57 | Build | Watch Tower |
| 25:03 | Build | Farm |
| 25:04 | Queue | Villager (Male) |
| 25:13 | Build | Watch Tower |
| 25:16 | Build | Mule Cart |
| 25:16 | Queue | Villager (Male) |
| 25:18 | Queue | Villager (Male) |
| 25:21 | Build | House |
| 25:22 | Build | House |
| 25:30 | Build | Watch Tower |
| 25:47 | Queue | Villager (Male) |
| 26:32 | Build | Watch Tower |
| 26:35 | Queue | Villager (Male) |
| 26:37 | Research | Bow Saw |
| 26:38 | Research | Horse Collar |
| 26:49 | Queue | Villager (Male) |
| 27:12 | Research | Ballistics |
| 28:20 | Build | House |
| 28:24 | Build | House |
| 28:29 | Queue | Villager (Male) |
| 28:29 | Queue | Villager (Male) |
| 28:29 | Queue | Villager (Male) |
| 28:58 | Queue | Villager (Male) |
| 28:58 | Queue | Villager (Male) |
| 28:58 | Queue | Villager (Male) |
| 29:01 | Build | Mill |
| 29:01 | Build | Farm |
| 29:02 | Build | Farm |
| 29:02 | Build | Farm |
| 29:02 | Build | Farm |
| 29:02 | Build | Farm |
| 29:50 | Build | Castle |
| 29:54 | Queue | Villager (Male) |
| 29:58 | Queue | Villager (Male) |
| 29:58 | Queue | Villager (Male) |
| 29:58 | Queue | Villager (Male) |
| 30:41 | Build | Watch Tower |
Match timeline
| 3:58 | 刻骨銘心 · wall_segment Palisade Wall x1 |
| 7:54 | 刻骨銘心 · first_building Barracks |
| 8:36 | Naughty Possum · age_up feudal |
| 9:08 | 刻骨銘心 · age_up feudal |
| 9:09 | 刻骨銘心 · first_building Archery Range |
| 10:49 | Naughty Possum · wall_segment Palisade Wall x1 |
| 10:53 | Naughty Possum · wall_segment Palisade Wall x5 |
| 11:51 | Naughty Possum · wall_segment Palisade Wall x1 |
| 12:03 | Naughty Possum · wall_segment Palisade Wall x4 |
| 12:51 | Naughty Possum · wall_segment Palisade Wall x7 |
| 13:19 | Naughty Possum · wall_segment Palisade Wall x3 |
| 13:20 | Naughty Possum · wall_segment Palisade Wall x4 |
| 15:15 | Naughty Possum · wall_segment Palisade Wall x2 |
| 15:16 | Naughty Possum · wall_segment Palisade Wall x1 |
| 16:47 | Naughty Possum · wall_segment Palisade Wall x8 |
| 16:58 | Naughty Possum · wall_segment Palisade Wall x1 |
| 20:48 | 刻骨銘心 · age_up castle |
| 20:50 | 刻骨銘心 · first_building Siege Workshop |
| 21:55 | Naughty Possum · wall_segment Palisade Wall x1 |
| 23:31 | Naughty Possum · age_up castle |
| 25:50 | Naughty Possum · first_market_buy 100 wood |
| 27:21 | 刻骨銘心 · first_market_sell 100 wood |
| 27:22 | 刻骨銘心 · first_market_buy 100 stone |
| 29:50 | Naughty Possum · first_building Castle |
| 31:49 | Naughty Possum · wall_segment Palisade Wall x1 |
| 32:29 | Naughty Possum · wall_segment Palisade Wall x1 |
| 33:04 | Naughty Possum · first_market_sell 100 wood |
| 33:19 | 刻骨銘心 · first_building Castle |
| 33:56 | 刻骨銘心 · resign |
[ AI ANALYSIS · 1 CREDIT ]
What really happened in this match?
Wolo.gg analyzes every decision: build order, eco, micro, common mistakes by bracket. Personalized analysis on WhatsApp or Discord in 30 seconds.
Civ guide
Shu
Perfil
刻骨銘心